 Dungeon Crawl Stone Soup version 0.30-a0-629-gd54f4be4f7 (webtiles) character file.

Game seed: 3243823073773984302

1021 bmack86 the Trooper (level 8, -4/71 (73) HPs)
             Began as a Minotaur Fighter on Jan 13, 2023.
             Slain by an orc warrior
             ... wielding a +0 glaive
              (10 damage)
             ... on level 6 of the Dungeon.
             The game lasted 00:09:49 (4686 turns).

bmack86 the Trooper (Minotaur Fighter)              Turns: 4686, Time: 00:09:49

HP:   -4/71 (73)    AC: 26    Str: 23    XL:     8   Next: 2%
MP:   7/7           EV:  6    Int:  5    God:
Gold: 156           SH:  5    Dex: 10    Spells: 7/7 levels left

rFire   . . .      SeeInvis .    a - +0 war axe (protect)
rCold   + . .      Faith    .    c - +0 buckler
rNeg    . . .      Spirit   .    v - +0 plate armour
rPois   .          Reflect  .    (helmet restricted)
rElec   .          Harm     .    k - +2 cloak
rCorr   .          Rampage  .    t - +2 pair of gloves
Will    .....                    (no boots) Stlth
                                 (no amulet)
HPRegen 0.31/turn                s - ring of protection from cold
MPRegen 0.10/turn                (no ring)

@: weakened, under a protective aura, studying Staves, lightly drained
A: horns 2, retaliatory headbutt
a: no special abilities


You were on level 6 of the Dungeon.
You visited 1 branch of the dungeon, and saw 6 of its levels.

You collected 156 gold pieces.

Inventory:

Hand Weapons
 a - a +0 war axe of protection (weapon)
Missiles
 l - 6 boomerangs (quivered)
Armour
 b - a +0 scale mail
 c - a +0 buckler (worn)
 k - a +2 cloak (worn)
 q - a +0 chain mail
 t - a +2 pair of gloves (worn)
 v - a +0 plate armour (worn)
Jewellery
 i - a ring of wizardry
 s - a ring of protection from cold (left hand)
Wands
 A - a wand of quicksilver (7)
 B - a wand of polymorph (10)
Scrolls
 h - a scroll of vulnerability
 m - 2 scrolls of fog
 n - 2 scrolls of teleportation
 o - a scroll of enchant armour
Potions
 d - 3 potions of might
 e - a potion of degeneration
 f - 2 potions of magic
 g - 2 potions of heal wounds
 j - a potion of curing
 r - 2 potions of brilliance
 u - a potion of ambrosia {unknown}
 w - a potion of flight {unknown}
 x - 2 potions of mutation {unknown}
 z - a potion of berserk rage {unknown}
 C - 2 potions of lignification {unknown}
 D - a potion of cancellation {unknown}


   Skills:
 * Level 7.0 Fighting
 * Level 6.4 Axes
 + Level 2.8 Throwing
 + Level 5.6 Armour
 + Level 5.5 Shields


You had 7 spell levels left.
You didn't know any spells.
Your spell library contained the following spells:

 Spells                   Type           Power      Damage    Failure   Level
 Beastly Appendage        Tmut           0%         N/A       100%        1
 Shock                    Conj/Air       0%         1d3       100%        1
 Blink                    Tloc           0%         N/A       100%        2
 Momentum Strike          Conj/Tloc      0%         3d8       100%        2
 Wereblood                Tmut           0%         N/A       100%        2
 Lesser Beckoning         Tloc           0%         N/A       100%        3
 Spider Form              Tmut/Pois      0%         N/A       100%        3
 Swiftness                Air            0%         N/A       100%        3
 Airstrike                Air            0%         2d(0-16)  100%        4


Dungeon Overview and Level Annotations

Branches:
Dungeon (6/15)
 Temple: D:4-7

Altars:
Fedhas
Kikubaaqudgha
Wu Jian


Innate Abilities, Weirdness & Mutations

You have a pair of horns on your head.
You reflexively headbutt those who attack you in melee.


Message History

The orc priest calls upon Beogh to heal the orc warrior.
The orc warrior is healed somewhat.
The orc warrior completely misses you. You furiously retaliate!
You headbutt the orc warrior. The gnoll hits you but does no damage.
The orc warrior hits you with a +0 glaive.
* * * LOW HITPOINT WARNING * * *
The gnoll bouda hits you with a +0 whip.
* * * LOW HITPOINT WARNING * * *
You closely miss the orc warrior.
The orc warrior is heavily wounded.
You hit the gnoll bouda but do no damage.
The gnoll hits you from afar with a +0 spear.
* * * LOW HITPOINT WARNING * * *
The gnoll bouda gazes fiercely through you!
You feel as though you will be weak longer.
The gnoll bouda hits you but does no damage.
The orc warrior hits you but does no damage.
You barely miss the orc warrior.
The orc warrior is heavily wounded.
You barely miss the gnoll bouda. The gnoll hits you but does no damage.
The gnoll bouda completely misses you. You furiously retaliate!
You headbutt the gnoll bouda!
You kill the gnoll bouda!
The orc priest looks satisfied for a moment.
The gnoll hits you but does no damage.
You have reached level 8!
You feel stronger.
You barely miss the orc warrior. Your headbutt misses the orc warrior.
The orc warrior is heavily wounded.
The gnoll is no longer moving quickly.
The orc warrior hits you with a +0 glaive.
* * * LOW HITPOINT WARNING * * *
The gnoll hits you but does no damage.
You hit the orc warrior but do no damage.
You headbutt the orc warrior, but do no damage.
The orc warrior is heavily wounded.
You hit the orc priest.
The orc priest hits you but does no damage.
The orc warrior hits you with a +0 glaive!
You die...

#### ..# #.#
#####.#######
#...........#
#.####...##.#
#....###o##g#
#..#.# #@og.#
#..#.# ###g.#
#..#.# ..#
#..#.## ##
######....<#
..........##
#######...#
#.....#
#.##..#


You could see an orc warrior, an orc priest and 3 gnolls.

Vanquished Creatures
  A yak (D:4)
  Edmund (D:5)
  A black bear (D:4)
  2 ogres
  A jelly (D:4)
  An orc priest (D:6)
  Crazy Yiuf (D:5)
  A hound (D:4)
  2 gnoll boudas
  4 iguanas
  4 gnolls
  8 adders
  A shadow imp (D:4)
  A worm (D:2)
  7 orcs (D:4)
  11 ball pythons
  8 bats
  12 endoplasms
  3 giant cockroaches (D:3)
  4 goblins
  9 hobgoblins
  7 jackals
  4 quokkas
  5 frilled lizards
  6 kobolds
  4 rats
109 creatures vanquished.

Vanquished Creatures (others)
  3 fungi (D:5)
3 creatures vanquished.

Grand Total: 112 creatures vanquished

Notes
Turn   | Place    | Note
-------+----------+-------------------------------------------
     0 | D:1      | bmack86 the Minotaur Fighter began the quest for the Orb.
     0 | D:1      | Reached XP level 1. HP: 19/19 MP: 0/0
   128 | D:1      | Reached XP level 2. HP: 27/27 MP: 1/1
   204 | D:1      | Reached skill level 4 in Fighting
   326 | D:1      | Reached XP level 3. HP: 21/33 MP: 2/2
  1438 | D:2      | Reached XP level 4. HP: 40/41 MP: 3/3
  1984 | D:3      | Identified the +4 leather armour of the Butterfly {-Tele
                  | Int+5}
  2338 | D:3      | Identified the +6 trident of Nurghypp {vamp, rC+ Dex+2}
  2450 | D:4      | Noticed a black bear
  2459 | D:4      | Killed a black bear
  2460 | D:4      | Reached skill level 5 in Fighting
  2460 | D:4      | Reached skill level 1 in Throwing
  2460 | D:4      | Reached XP level 5. HP: 45/48 MP: 4/4
  2686 | D:4      | Noticed a yak
  2692 | D:4      | Reached XP level 6. HP: 47/56 MP: 5/5
  2693 | D:4      | Killed a yak
  2694 | D:4      | Reached skill level 5 in Axes
  2838 | D:4      | Reached skill level 6 in Fighting
  2904 | D:4      | Reached skill level 5 in Armour
  2904 | D:4      | Reached skill level 5 in Shields
  2904 | D:4      | Reached XP level 7. HP: 34/63 MP: 6/6
  3113 | D:4      | Found an ornate altar of the Wu Jian Council.
  3467 | D:5      | Entered Level 5 of the Dungeon
  3555 | D:5      | Found a blossoming altar of Fedhas.
  3561 | D:5      | Found an ancient bone altar of Kikubaaqudgha.
  3697 | D:5      | Noticed Edmund
  3721 | D:5      | Killed Edmund
  4320 | D:5      | Found a runed translucent door.
  4321 | D:5      | Noticed Crazy Yiuf
  4339 | D:5      | Killed Crazy Yiuf
  4672 | D:6      | Reached skill level 7 in Fighting
  4685 | D:6      | Reached XP level 8. HP: 8/71 MP: 7/7
  4686 | D:6      | Slain by an orc warrior

Illustrated notes

Levels and vault maps discovered:
D:1:      nzn_arrival_water_spiral, layout_loops_ring, st_stairs_12
D:2:      layout_basic
D:3:      layout_rooms
D:4:      layout_basic, nicolae_wu_jian_wuxing_cycle, minmay_manual_monstrance
D:5:      layout_loops_ring, grunt_temple_overflow_growth_and_decay,
          uniq_edmund, uniq_crazy_yiuf_cottage
D:6:      layout_basic, nicolae_overflow_hallway_of_the_gods,
          lemuel_crystal_altar, minmay_temple_entry_junction,
          nicolae_specific_store, minmay_liquid_box

Skill      XL: |  1  2  3  4  5  6  7 |
---------------+----------------------+-----
Fighting       | 4 5 6 7 |  7.0
Axes           | 3 4 5 6 |  6.4
Shields        | 4 5 |  5.5
Armour         | 4 5 |  5.6
Throwing       | 1 2 |  2.8

Action                   |  1- 3 |  4- 6 |  7- 9 || total
-------------------------+-------+-------+-------++-------
Melee: War axe           |    63 |   104 |   104 ||   271
       Headbutt          |    12 |     9 |    21 ||    42
Throw: Boomerang         |       |     3 |     6 ||     9
  Use: Scroll            |     4 |     5 |    10 ||    19
       Potion            |       |     1 |     1 ||     2
Armor: Scale mail        |    27 |    25 |       ||    52
       Chain mail        |       |    56 |    17 ||    73
       Plate armour      |       |       |    36 ||    36
Dodge: Dodged            |    35 |    41 |    30 ||   106
Block: Buckler           |    17 |    27 |    21 ||    65

Table legend: (Time is in decaauts)
 A = Elapsed time spent in this place.
 B = Non-inter-level travel time spent in this place.
 C = Inter-level travel time spent in this place.
 D = Time resting spent in this place.
 E = Time spent auto-exploring this place.
 F = Levels seen in this place.
 G = Mean time per level.
                   A        B        C        D        E       F      G
               +--------+--------+--------+--------+--------+-----+--------+
         Total |   4770 |   4671 |     99 |      0 |   3443 |   6 |  795.0 |
       Dungeon |   4770 |   4671 |     99 |      0 |   3443 |   6 |  795.0 |
               +--------+--------+--------+--------+--------+-----+--------+

Top non-repeatable levels by time:
     D:2: 1206 daAuts
     D:5: 1077 daAuts
     D:4: 1051 daAuts
     D:1: 699 daAuts
     D:3: 571 daAuts
     D:6: 163 daAuts
